 Dungeon Crawl Stone Soup version 0.18-a0-1800-gdc7a371 (webtiles) character file.

44 Murumi the Slasher (level 3, 0/46 HPs)
             Began as a Formicid Abyssal Knight on Apr 24, 2016.
             Was a Believer of Lugonu.
             Succumbed to an adder's poison
             ... on level 2 of the Dungeon.
             The game lasted 00:03:53 (1082 turns).

Murumi the Slasher (Formicid Abyssal Knight)        Turns: 1082, Time: 00:03:53

Health: 0/46       AC: 21    Str: 17    XL:     3   Next: 85%
Magic:  4/4        EV:  2    Int: 11    God:    Lugonu [**....]
Gold:   53         SH:  0    Dex: 15    Spells: 0 memorised, 2 levels left

rFire  . . .     SeeInvis .     a - +1 falchion
rCold  . . .     Gourm    .     (armour currently unavailable)
rNeg   + + +     Faith    .     (no shield)
rPois  +         Spirit   .     (helmet unavailable)
rElec  .         Dismiss  .     (cloak currently unavailable)
rCorr  .         Reflect  .     (gloves currently unavailable)
SustAt .         Harm     .     (boots currently unavailable)
MR     .....                    (no amulet)
Stlth  ++........               (no ring)
                                j - ring of positive energy

@: agile, lethally poisoned (0 -> -8), tree-form, not resistant to hostile
enchantments, unstealthy
A: permanent stasis, dig shafts and tunnels, four strong arms, (antennae 0),
(fire resistance 0), (poison resistance), robust 1
a: Depart the Abyss, Bend Space, Renounce Religion


You were on level 2 of the Dungeon.
You worshipped Lugonu.
Lugonu was pleased with you.
You were not hungry.
You were a tree.
You visited 1 branch of the dungeon, and saw 2 of its levels.
You visited the Abyss 1 time.

You collected 53 gold pieces.

Inventory:

Hand Weapons
 a - a +1 falchion (weapon)
Missiles
 i - 21 bolts
Armour
 b - a +0 plate armour (melded)
Jewellery
 j - a ring of positive energy (left branch)
Potions
 g - a potion of lignification
Comestibles
 c - 2 bread rations
 h - a royal jelly


   Skills:
 - Level 3.2 Fighting
 + Level 3.8 Long Blades
 - Level 2.1 Armour
 - Level 1.0 Dodging
 - Level 2.1 Invocations


You had 2 spell levels left.
You didn't know any spells.

Dungeon Overview and Level Annotations

Branches:
Dungeon (2/15)

Altars:


Innate Abilities, Weirdness & Mutations

You are under a permanent stasis effect.
You can dig through walls and to a lower floor.
Your four strong arms can wield two-handed weapons with a shield.
((You have a pair of large antennae on your head (SInv).))
((Your flesh is heat resistant.))
((Your system is resistant to poisons.))
You are robust (+10% HP).


Message History

You don't have any such object.
Drink which item? (? for menu, Esc to quit)
You don't have any such object.
Drink which item? (? for menu, Esc to quit)
You don't have any such object.
Drink which item? (? for menu, Esc to quit)
Okay, then.
You hit the adder.
The adder is almost dead.
* * * LOW HITPOINT WARNING * * *
You feel sick. The adder bites you but does no damage.
You cannot move.
You closely miss the adder.
The adder is almost dead.
* * * LOW HITPOINT WARNING * * *
You feel sick. The adder bites you but does no damage.
The adder barely misses you.
You barely miss the adder.
The adder is almost dead.
You die...

......#......#.<#.#.#
...........#.#.##.#.#
##.........#.#..#.#.#
##.........#.#.##.#.#
.##.#...... #.##.#.#
.##.#...... #.##.#.#
.##.###.... #....#.#
.# .. ......######.#
.# # ......S♣...# .#
........#### .#
........# .# #
........# .#.#
........# <..#
........# .###
.....[..# .#
........# .#


You could see an adder.

Vanquished Creatures
  A gnoll (D:1)
  A worm (D:2)
  2 dart slugs (D:1)
  3 giant cockroaches
  4 goblins
  2 hobgoblins (D:1)
  4 bats (D:1)
  3 giant newts
  3 kobolds (D:1)
  6 rats
29 creatures vanquished.

Notes
Turn   | Place    | Note
--------------------------------------------------------------
     0 | Abyss:1  | Murumi the Formicid Abyssal Knight began the quest for the Orb.
     0 | Abyss:1  | Reached XP level 1. HP: 18/18 MP: 2/2
     6 | D:1      | Escaped the Abyss
    52 | D:1      | Reached skill level 1 in Dodging
   123 | D:1      | Reached XP level 2. HP: 23/24 MP: 3/3
   400 | D:1      | Reached ** piety under Lugonu
   408 | D:1      | Reached XP level 3. HP: 24/29 MP: 4/4
  1079 | D:2      | Gained mutation: Your system is resistant to poisons. [potion of mutation]
  1079 | D:2      | Gained mutation: You are robust (+10% HP). [potion of mutation]
  1079 | D:2      | Gained mutation: Your flesh is heat resistant. [potion of mutation]
  1080 | D:2      | HP: 2/46 [poisoned by an adder]
  1082 | D:2      | Succumbed to an adder's poison

Vault maps used:
D:1:      scummos_arrival_gate
D:2:      lemuel_upstairs_altar, first_bread
Abyss:1:  evilmike_abyss_exit_16

Skill      XL: |  1  2 |
---------------+-------+-----
Dodging        | 1 |  1.0
Long Blades    | 3 |  3.8
Fighting       | |  3.2
Armour         | |  2.1
Invocations    | |  2.1

Action                   || total
-------------------------++-------
Melee: Falchion          ||   105
  Use: Scroll            ||     3
       Potion            ||     3
  Eat: Chunk             ||     1
Armor: Plate armour      ||    52
       Skin              ||     5
Dodge: Dodged            ||    27
